 Dungeon Crawl Stone Soup version 0.30-a0-1102-g2dbb833546 (webtiles) character file.

Game seed: 12121599790229359275

34 Essalna the Gusty (level 3, -4/30 HPs)
             Began as a Tengu Air Elementalist on Apr 18, 2023.
             Succumbed to Terence's poison
             ... on level 2 of the Dungeon.
             The game lasted 00:03:01 (1325 turns).

Essalna the Gusty (Tengu Air Elementalist)          Turns: 1325, Time: 00:03:01

Health: -4/30      AC: 21    Str:  8    XL:     3   Next: 31%
Magic:  0/7        EV:  2    Int: 17    God:
Gold:   28         SH:  0    Dex: 14    Spells: 5/6 levels left

rFire   . . .      SeeInvis .    (no weapon)
rCold   . . .      Faith    .    (no shield)
rNeg    . . .      Spirit   .    a - melded +0 robe
rPois   +          Reflect  .    (helmet currently unavailable)
rElec   .          Rampage  .    (cloak currently unavailable)
rCorr   .          NoTele   +    (gloves currently unavailable)
Will    .....                    (boots unavailable)
Stlth   ++                       (no amulet)
HPRegen 0.25/turn                c - ring of wizardry
MPRegen 0.10/turn                (no ring)

@: lethally poisoned (-4 -> -28), tree-form
A: stationary, stasis, torment immunity, boosted hp, (beak), (talons 3)
a: no special abilities


You were on level 2 of the Dungeon.
You were a tree.
You visited 1 branch of the dungeon, and saw 2 of its levels.

You collected 28 gold pieces.

Inventory:

Armour
 a - a +0 robe (melded)
Jewellery
 c - a ring of wizardry (left branch)
 h - an amulet of guardian spirit
Scrolls
 d - 2 scrolls of identify
Potions
 b - 2 potions of magic


   Skills:
 + Level 1.4 Fighting
 - Level 2.1 Dodging
 - Level 2.0 Stealth
 - Level 2.0 Spellcasting
 + Level 2.6 Conjurations
 + Level 4.6 Air Magic


You had 5 spell levels left.
You knew the following spells:

 Your Spells              Type           Power      Damage    Failure   Level
a - Shock                 Conj/Air       56%        1d6       1%          1

Your spell library contained the following spells:

 Spells                   Type           Power      Damage    Failure   Level
 Static Discharge         Conj/Air       28%        2-4/arc   2%          2
 Swiftness                Air            17%        N/A       3%          3
 Slow                     Hex            4%         N/A       8%          1
 Airstrike                Air            8%         2d(2-18)  12%         4
 Confusing Touch          Hex            1%         N/A       22%         3
 Inner Flame              Hex/Fire       1%         N/A       22%         3
 Vampiric Draining        Necr           1%         2d6       22%         3
 Flame Wave               Conj/Fire      6%         2d5       41%         4
 Sticky Flame             Conj/Fire      6%         2d3       41%         4


Dungeon Overview and Level Annotations

Branches:
Dungeon (2/15)

Altars:

Annotations:
D:2 Terence


Innate Abilities, Weirdness & Mutations

You are a tree.
Your roots penetrate the ground, keeping you stationary.
You cannot be teleported.
You are immune to unholy pain and torment.
Your maximum health is greatly increased.
Your equipment is partially melded.
((You have a beak for a mouth.))
((You have claws for feet.))


Message History

The zap misses Terence.
You feel sick. Terence hits you but does no damage.
Casting: Shock (safe; 1% risk of failure)
Confirm with . or Enter, or press ? or * to list all spells.
Aiming: Shock (safe; 1% risk of failure)
Press: ? - help, Shift-Dir - straight line, f/p - Terence
Aim: Terence, wielding a +2 hand axe of venom and wearing a +0 ring mail (blue smoke, 75% to hit)
The zap hits Terence.
Terence is moderately wounded.
You feel sick.
You are no longer poisoned.
Terence hits you but does no damage.
You are poisoned.
Casting: Shock (safe; 1% risk of failure)
Confirm with . or Enter, or press ? or * to list all spells.
Aiming: Shock (safe; 1% risk of failure)
Press: ? - help, Shift-Dir - straight line, f/p - Terence
Aim: Terence, wielding a +2 hand axe of venom and wearing a +0 ring mail (blue smoke, moderately wounded, 75% to hit)
The zap hits Terence.
Terence is moderately wounded.
You feel very sick. Terence hits you but does no damage.
You are lethally poisoned!
Casting: Shock (safe; 1% risk of failure)
Confirm with . or Enter, or press ? or * to list all spells.
You don't have enough magic to cast this spell.
Unknown command.
Casting: Shock (safe; 1% risk of failure)
Confirm with . or Enter, or press ? or * to list all spells.
You don't have enough magic to cast this spell.
Unknown command.
You hit Terence but do no damage.
Terence is moderately wounded.
* * * LOW HITPOINT WARNING * * *
You feel very sick.
Terence hits you with a +2 hand axe of venom.
* * * LOW HITPOINT WARNING * * *
You are more poisoned.
You barely miss Terence.
Terence is moderately wounded.
You die...

#.# ##...##
##.### ##+##
#....## ###.#
#.....# ##...##
#....## ##.###.##
####.# #.##
##.#######.# #.#
#§# #.........#
#.# #§##
##.)########
#.######♣§###.#.#
#.....§§@#...##.#
########§.##.##.#
#§###.##.#
#...@....#
#####.#### #.#
#.# #@#


You could see Terence.

Vanquished Creatures
  A dart slug (D:1)
  3 ball pythons
  3 bats
  3 endoplasms (D:1)
  3 giant cockroaches
  A goblin (D:2)
  2 hobgoblins (D:1)
  2 jackals (D:1)
  3 kobolds (D:1)
  A quokka (D:1)
  2 frilled lizards (D:1)
  2 rats (D:1)
26 creatures vanquished.

Notes
Turn   | Place    | Note
-------+----------+-------------------------------------------
     0 | D:1      | Essalna the Tengu Air Elementalist began the quest for the
                  | Orb.
     0 | D:1      | Reached XP level 1. HP: 10/10 MP: 4/4
   158 | D:1      | Reached XP level 2. HP: 16/16 MP: 3/6
   303 | D:1      | Reached skill level 1 in Fighting
   912 | D:1      | Reached XP level 3. HP: 20/20 MP: 2/7
  1296 | D:2      | Noticed Terence
  1317 | D:2      | Identified a scroll of acquirement
  1317 | D:2      | Acquired a staff of conjuration
  1325 | D:2      | Succumbed to Terence's poison

Illustrated notes

Levels and vault maps discovered:
D:1:      onia_arrival_pyramid, layout_loops_ring
D:2:      layout_loops_corners, uniq_crazy_yiuf_cottage, uniq_terence,
          uniq_natasha

Skill      XL: |  1  2 |
---------------+-------+-----
Conjurations   | 2 |  2.6
Fighting       | 1 |  1.4
Dodging        | |  2.1
Stealth        | |  2.0
Spellcasting   | |  2.0
Air Magic      | |  4.6

Action                     || total
---------------------------++-------
  Melee: Unarmed           ||     7
         Kick              ||     1
   Cast: Shock             ||    66
    Use: Scroll            ||     4
         Potion            ||     2
 Armour: Robe              ||     2
         Skin              ||     5
  Dodge: Dodged            ||    14

Table legend: (Time is in decaauts)
 A = Elapsed time spent in this place.
 B = Non-inter-level travel time spent in this place.
 C = Inter-level travel time spent in this place.
 D = Time resting spent in this place.
 E = Time spent auto-exploring this place.
 F = Levels seen in this place.
 G = Mean time per level.
                   A        B        C        D        E       F      G
               +--------+--------+--------+--------+--------+-----+--------+
         Total |   1324 |   1296 |     28 |      0 |   1157 |   2 |  662.0 |
       Dungeon |   1324 |   1296 |     28 |      0 |   1157 |   2 |  662.0 |
               +--------+--------+--------+--------+--------+-----+--------+

Top non-repeatable levels by time:
     D:1: 1184 daAuts
     D:2: 139 daAuts
